 Dungeon Crawl Stone Soup version 0.27.1-34-g3ba077fa99 (webtiles) character file.

Game seed: 6363061916802675160

1054 BoredOne the Skirmisher (level 8, -8/61 HPs)
             Began as a Djinni Conjurer on Jan 8, 2022.
             Mangled by a troll (13 damage)
             ... on level 6 of the Dungeon.
             The game lasted 00:14:47 (5911 turns).

BoredOne the Skirmisher (Djinni Conjurer)           Turns: 5911, Time: 00:14:47

Health: -8/61      AC:  2    Str:  6    XL:     8   Next: 51%
Gold:   270        EV: 12    Int: 22    God:
                   SH:  4    Dex: 12

rFire    + + .     SeeInvis .   p - staff of conjuration
rCold    x . .     Faith    .   j - +0 buckler
rNeg     . . .     Spirit   .   a - +0 robe
rPois    ∞         Reflect  .   (no helmet)
rElec    .         Harm     .   (no cloak)
rCorr    .         Rampage  .   (no gloves)
Will     .....                  (boots unavailable)
Stlth    ++........             (no amulet)
HPRegen  0.20/turn              (no ring)
MPRegen  0.00/turn              (no ring)

@: flying
A: sickness immunity, fire resistance 2, cold vulnerability 1, float, innate
caster, hp casting, extra vitality 1
a: no special abilities


You were on level 6 of the Dungeon.
You visited 1 branch of the dungeon, and saw 6 of its levels.

You collected 270 gold pieces.

Inventory:

Hand Weapons
 g - a +0 halberd
 k - a +0 short sword
 l - a +0 short sword of venom
Armour
 a - a +0 robe (worn)
 j - a +0 buckler (worn)
Magical Staves
 p - a staff of conjuration (weapon)
Wands
 m - a wand of flame (22)
 o - a wand of paralysis (13)
Scrolls
 c - a scroll of amnesia {unknown}
 d - a scroll of magic mapping
 i - 2 scrolls of fog
 t - a scroll of immolation {unknown}
 u - a scroll of brand weapon {unknown}
 v - a scroll of enchant weapon {unknown}
Potions
 b - a potion of attraction
 e - 5 potions of curing
 f - 2 potions of heal wounds
 h - a potion of lignification {unknown}
 n - a potion of haste {unknown}
 q - 2 potions of brilliance
 r - a potion of invisibility {unknown}
 s - a potion of degeneration {unknown}


   Skills:
 * Level 5.9 Fighting
 - Level 2.1 Dodging
 - Level 1.5 Stealth
 + Level 3.3 Shields
 * Level 5.7 Spellcasting


You couldn't memorise any spells.
You knew the following spells:

 Your Spells              Type           Power      Damage    Failure   Level
a - Magic Dart            Conj           100%       1d8       1%          1
b - Searing Ray           Conj           94%        3d6       1%          2
c - Dazzling Flash        Conj/Hex       94%        N/A       2%          3
d - Fulminant Prism       Conj/Hex       23%        3d13      10%         4
e - Iskenderun's Mystic   Conj/Tloc      47%        2d10      10%         4
f - Animate Skeleton      Necr           62%        N/A       1%          1
g - Static Discharge      Conj/Air       47%        N/A       1%          2
h - Mephitic Cloud        Conj/Pois/Air  47%        N/A       2%          3
Your spell library was empty.

Dungeon Overview and Level Annotations

Branches:
Dungeon (6/15)
 Temple: D:4-7

Altars:
Elyvilon
Fedhas
Ru
Xom
The Shining One

Annotations:
D:2 Robin


Innate Abilities, Weirdness & Mutations

You are immune to sickness and miasma.
You are immune to poison.
Your flesh is very heat resistant. (rF++)
You are vulnerable to cold. (rC-)
You float through the air rather than walking.
You learn spells naturally, not from books.
Your magical power is your life essence.
You have superior vitality. (+4 HP)


Message History

Confirm with . or Enter, or press ? or * to list all spells.
Restarting spell: Searing Ray (safe; 1% risk of failure)
Press: ? - help, Shift-Dir - straight line, f/p - troll
Aim: a troll (lightly wounded, 82% to hit)
You feel a surge of power!
The searing ray hits the troll.
The troll is lightly wounded. (Press . to maintain the ray.)
The searing ray hits the troll!
The troll is moderately wounded.
The searing ray hits the troll!
The troll is heavily wounded.
The troll barely misses you. x2; The troll claws you.
The searing ray misses the troll.
You finish channeling your searing ray.
You block the troll's attack. The troll claws you! x2
Casting: Searing Ray (safe; 1% risk of failure)
Confirm with . or Enter, or press ? or * to list all spells.
You feel a surge of power!
You erupt in a blast of force!
The mystic blast hits the troll.
The troll is heavily wounded.
The troll is knocked back by the mystic blast.
The troll slams into the rock wall!
You hear an angry hiss.
Casting: Iskenderun's Mystic Blast (dangerous; 10% risk of failure)
Confirm with . or Enter, or press ? or * to list all spells.
Aiming: Searing Ray (safe; 1% risk of failure)
Press: ? - help, Shift-Dir - straight line, f/p - troll
Aim: a troll (heavily wounded, 82% to hit)
You feel a surge of power!
The searing ray hits the troll.
The troll is severely wounded. (Press . to maintain the ray.)
The troll bites you!
* * * LOW HITPOINT WARNING * * *
The troll claws you.
* * * LOW HITPOINT WARNING * * *
The troll closely misses you.
The searing ray hits the troll.
The troll is severely wounded.
* * * LOW HITPOINT WARNING * * *
The troll bites you!
You die...

#...#...
#...#.....
#..#..#..#
.......#.##
.....##...#
......
#....
##W...?.
..#..
###...#
#.@T#
#..### #.#
#. #


You could see a troll and a phantom.

Vanquished Creatures
  Grinder (D:3)
  An ice beast (D:4)
  A necrophage (D:4)
  A phantom (D:5)
  A gnoll sergeant (D:5)
  A water moccasin zombie (D:5)
  A bullfrog zombie (D:5)
  2 centaur zombies (D:5)
  2 hounds (D:4)
  3 iguanas
  5 adders
  7 gnolls
  3 white imps
  An ufetubus (D:4)
  An adder skeleton (D:4)
  2 worms
  2 dart slugs
  8 orcs
  4 ball pythons
  7 endoplasms
  5 giant cockroaches
  17 goblins
  6 hobgoblins
  19 jackals
  3 quokkas
  A bat (D:3)
  8 frilled lizards
  3 kobolds
  6 rats
122 creatures vanquished.

Vanquished Creatures (others)
  2 fulminant prisms
  A plant (D:3)
3 creatures vanquished.

Grand Total: 125 creatures vanquished

Notes
Turn   | Place    | Note
-------+----------+-------------------------------------------
     0 | D:1      | BoredOne the Djinni Conjurer began the quest for the Orb.
     0 | D:1      | Reached XP level 1. HP: 15/15 MP: 0/0
   190 | D:1      | Reached XP level 2. HP: 15/22 MP: 0/0
   192 | D:1      | Reached skill level 1 in Fighting
   423 | D:1      | Reached XP level 3. HP: 25/27 MP: 0/0
   423 | D:1      | Learned a level 1 spell: Animate Skeleton
  1264 | D:2      | Reached XP level 4. HP: 27/34 MP: 0/0
  1587 | D:2      | Noticed Robin
  1932 | D:2      | Reached XP level 5. HP: 35/40 MP: 0/0
  1932 | D:2      | Learned a level 2 spell: Static Discharge
  2381 | D:2      | Found a faded altar of an unknown god.
  2766 | D:3      | Found a white marble altar of Elyvilon.
  2774 | D:3      | Noticed Grinder
  2783 | D:3      | Killed Grinder
  2784 | D:3      | Reached skill level 1 in Shields
  2784 | D:3      | Reached XP level 6. HP: 26/47 MP: 0/0
  3731 | D:4      | Reached XP level 7. HP: 48/52 MP: 0/0
  3731 | D:4      | Learned a level 3 spell: Mephitic Cloud
  3793 | D:4      | Found a shimmering altar of Xom.
  3917 | D:4      | Reached skill level 5 in Spellcasting
  4071 | D:4      | Found a glowing golden altar of the Shining One.
  4306 | D:4      | Reached skill level 5 in Fighting
  4636 | D:5      | Entered Level 5 of the Dungeon
  4640 | D:5      | Reached XP level 8. HP: 51/59 MP: 0/0
  5351 | D:5      | Found a sacrificial altar of Ru.
  5509 | D:5      | Found a blossoming altar of Fedhas.
  5903 | D:6      | Noticed a troll
  5911 | D:6      | Mangled by a troll

Illustrated notes

Levels and vault maps discovered:
D:1:      nzn_arrival_crosshair, layout_rooms, serial_forest,
          infiniplex_forest_clump_cross, infiniplex_forest_lined_2,
          infiniplex_forest_lined_room_, infiniplex_forest_lined_2,
          infiniplex_forest_clump_double, infiniplex_forest_zigzag_1
D:2:      layout_rooms, ebering_ecumenical_altar_mist, fountainhead,
          guppyfry_early_orc_mine, uniq_robin
D:3:      layout_loops_ring, mainiacjoe_overflow_boulevard, st_stairs_12,
          uniq_grinder
D:4:      layout_rooms, nicolae_overflow_crystal_walls, amcnicky_altar_gilded,
          kennysheep_donut
D:5:      layout_rooms, overflow_temple_1_default,
          nicolae_ru_the_path_less_chosen, chequers_serial_rivers_large_a,
          chequers_big_river, chequers_serial_rivers_micro_e
D:6:      layout_rooms, grunt_temple_overflow_opulence, kennysheep_small_square

Skill      XL: |  1  2  3  4  5  6  7  8 |
---------------+-------------------------+-----
Fighting       | 1 2 4 5 |  5.9
Spellcasting   | 4 5 |  5.7
Shields        | 1 2 3 |  3.3
Dodging        | |  2.1
Stealth        | |  1.5

Action                   |  1- 3 |  4- 6 |  7- 9 || total
-------------------------+-------+-------+-------++-------
Melee: Halberd           |       |     1 |       ||     1
       Short sword       |       |     4 |       ||     4
 Cast: Magic Dart        |    60 |    72 |    57 ||   189
       Searing Ray       |     2 |    16 |    25 ||    43
       Fulminant Prism   |       |       |     2 ||     2
       Iskenderun's Myst |       |       |     1 ||     1
  Use: Scroll            |       |       |     6 ||     6
Armor: Robe              |       |     4 |     2 ||     6
Dodge: Dodged            |     2 |    16 |    19 ||    37
Block: Buckler           |       |       |     7 ||     7
